 Dungeon Crawl Stone Soup version 0.22-b1-21-g5cfc168 (webtiles) character file.

514411 Gorglomux the Slayer (level 24, -11/168 HPs)
             Began as a Gargoyle Fighter on Aug 3, 2018.
             Was the Champion of the Shining One.
             Killed by divine providence
             ... invoked by a smoke demon
             ... summoned by a greater mummy
              (13 damage)
             ... on level 1 of the Tomb of the Ancients.
             The game lasted 00:55:26 (41120 turns).

Gorglomux the Slayer (Gargoyle Fighter)            Turns: 41120, Time: 00:55:27

Health: -11/168    AC: 60    Str: 31 (33) XL:     24   Next: 81%
Magic:  13/35      EV: 11    Int: 10 (12) God:    the Shining One [******]
Gold:   3069       SH: 25    Dex:  8 (11) Spells: 23/23 levels left

rFire    . . .     SeeInvis .   u - +9 broad axe (holy) {god gift}
rCold    . . .     Gourm    .   F - +0 large shield {AC+3} {god gift}
rNeg     + + +     Faith    +   e - +13 plate armour "Nicabug" {+Inv Str+4}
rPois    ∞         Spirit   .   (helmet restricted)
rElec    +         Reflect  .   t - scarf {repulsion} {god gift}
rCorr    +         Harm     .   x - +2 pair of gloves
MR       ++...                  l - +0 pair of boots of the Ecumenical Temple {Int+2 Slay+4}
Stlth    ..........             p - amulet of faith
HPRegen  0.38/turn              m - ring of protection from magic
MPRegen  0.24/turn              g - ring of resist corrosion

@: glowing, repel missiles
A: antennae 1, big wings, hooves 1, high mp 1, negative energy resistance 1,
screaming 1, electricity resistance, unbreathing, petrification resistance, rot
immunity, AC +18
}: 4/15 runes: serpentine, barnacled, slimy, silver
a: Fly, Divine Shield, Cleansing Flame, Summon Divine Warrior, Renounce
Religion, Evoke Invisibility


You were on level 1 of the Tomb of the Ancients.
You worshipped the Shining One.
The Shining One was exalted by your worship.
You were not hungry.

You visited 9 branches of the dungeon, and saw 45 of its levels.
You also visited: Sewer and Ice Cave.

You collected 5322 gold pieces.
You spent 2253 gold pieces at shops.

Inventory:

Hand Weapons
 c - the +5 broad axe "Fuaro" {god gift, antimagic, rF+ rC+}
   (Okawaru gifted it to you on level 2 of the Snake Pit)

   It reduces the magical energy of the wielder, and disrupts the spells and
   magical abilities of those hit.
   Natural abilities and divine invocations are not affected.
   It protects you from fire.
   It protects you from cold.
 j - the +5 broad axe of Cataclysm {god gift, chop, +Inv rF+ Int-3}
   (Okawaru gifted it to you on level 6 of the Lair of Beasts)

   It inflicts extra damage upon your enemies.
   It affects your intelligence (-3).
   It protects you from fire.
   It lets you turn invisible.
 u - a +9 broad axe of holy wrath (weapon) {god gift}
Missiles
 Z - 4 throwing nets (quivered)
Armour
 e - the +13 plate armour "Nicabug" (worn) {+Inv Str+4}
   (You found it on level 13 of the Dungeon)

   It affects your strength (+4).
   It lets you turn invisible.
 l - the +0 pair of boots of the Ecumenical Temple (worn) {Int+2 Slay+4}
   (You acquired it on level 5 of the Vaults)

   It affects your intelligence (+2).
   It affects your accuracy and damage with ranged weapons and melee attacks
   (+4).
 t - a scarf of repulsion (worn) {god gift}
 x - a +2 pair of gloves (worn)
 z - a +2 pair of boots
 F - a +0 large shield of protection (worn) {god gift}
 K - a +1 helmet of see invisible {god gift}
Jewellery
 b - the ring "Nujuwk" {rPois rF+ rN+ Str-2 Dex+5}
   (You found it on level 3 of the Crypt)

   [ring of positive energy]

   It affects your strength (-2).
   It affects your dexterity (+5).
   It protects you from fire.
   It protects you from poison.
   It protects you from negative energy.
 g - a ring of resist corrosion (right hand)
 h - the ring "Gyshya" {rN+ SInv, unknown}
   (You found it on level 3 of the Crypt)

   [ring of positive energy]

   It protects you from negative energy.
   It lets you see invisible.
 m - a ring of protection from magic (left hand)
 o - an uncursed amulet of harm {unknown}
 p - an amulet of faith (around neck)
 r - an uncursed amulet of regeneration
 W - the ring "Unuifuca" {rElec rF+ rN+}
   (You found it on level 6 of the Lair of Beasts)

   [ring of protection from fire]

   It protects you from fire.
   It insulates you from electricity.
   It protects you from negative energy.
Wands
 A - a wand of acid (4)
 B - a wand of disintegration (56)
 D - a wand of digging (21)
 E - a wand of enslavement (11)
 I - a wand of iceblast (18)
 O - a wand of clouds (2)
 P - a wand of paralysis (110)
Scrolls
 a - 2 scrolls of summoning
 k - 13 scrolls of blinking
 w - 9 scrolls of remove curse
 y - 2 scrolls of immolation
 H - 4 scrolls of fear
 M - 9 scrolls of magic mapping
 S - 5 scrolls of enchant armour
 T - 9 scrolls of teleportation
Potions
 d - 12 potions of might
 i - a potion of berserk rage
 n - 3 potions of resistance
 q - 2 potions of ambrosia
 s - 10 potions of lignification
 v - 3 potions of haste
 C - 4 potions of invisibility
 G - 2 potions of heal wounds
 J - 4 potions of mutation {!q}
 L - 3 potions of magic
 N - 3 potions of agility
 Q - 5 potions of curing
 R - 2 potions of cancellation
Miscellaneous
 U - 3 boxes of beasts
 V - 2 phantom mirrors
 X - a phial of floods
 Y - a lamp of fire (inert)
Comestibles
 f - 34 rations


   Skills:
 + Level 21.6 Fighting
 - Level 18.0 Axes
 + Level 21.6 Armour
 + Level 7.2 Dodging
 + Level 21.6 Shields
 + Level 12.7 Invocations


You had 23 spell levels left.
You didn't know any spells.
Your spell library contained the following spells:

 Spells                   Type           Power        Failure   Level  Hunger
 Apportation              Tloc           #.....       91%         1    ##.....
 Conjure Flame            Conj/Fire      #.......     99%         3    ####...
 Lightning Bolt           Conj/Air       #.........   100%        5    ######.
 Bolt of Magma            Conj/Fire/Erth #.........   100%        5    ######.
 Freezing Cloud           Conj/Ice/Air   #.........   100%        6    #######
 Mephitic Cloud           Conj/Pois/Air  #.......     99%         3    ####...
 Ring of Flames           Chrm/Fire      #.........   100%        7    #######
 Venom Bolt               Conj/Pois      #.........   100%        5    ######.
 Olgreb's Toxic Radiance  Pois           #.......     100%        4    #####..
 Death's Door             Chrm/Necr      #.........   100%        8    #######
 Summon Small Mammal      Summ           #...         91%         1    ##.....
 Animate Dead             Necr           N/A          100%        4    #####..
 Animate Skeleton         Necr           N/A          91%         1    ##.....
 Haunt                    Necr/Summ      #.........   100%        7    #######
 Borgnjor's Revivificati  Necr           #.........   100%        8    #######
 Regeneration             Chrm/Necr      #.........   99%         3    ####...
 Sting                    Conj/Pois      #...         91%         1    ##.....
 Summon Demon             Summ           #.........   100%        5    ######.
 Iron Shot                Conj/Erth      #.........   100%        6    #######
 Shock                    Conj/Air       #...         91%         1    ##.....
 Swiftness                Chrm/Air       #.......     97%         2    ###....
 Recall                   Summ/Tloc      N/A          99%         3    ####...
 Necromutation            Tmut/Necr      #.........   100%        8    #######
 Death Channel            Necr           #.........   100%        6    #######
 Deflect Missiles         Chrm/Air       #.........   100%        6    #######
 Airstrike                Air            #.........   100%        4    #####..
 Shadow Creatures         Summ           N/A          100%        6    #######
 Confusing Touch          Hex            #.....       91%         1    ##.....
 Call Canine Familiar     Summ           #.......     99%         3    ####...
 Summon Butterflies       Summ           #.......     91%         1    ##.....
 Silence                  Hex/Air        #.........   100%        5    ######.
 Shatter                  Erth           #.........   100%        9    #######
 Static Discharge         Conj/Air       #.......     99%         3    ####...
 Simulacrum               Ice/Necr       #.........   100%        6    #######
 Conjure Ball Lightning   Conj/Air       #.........   100%        6    #######
 Orb of Destruction       Conj           #.........   100%        7    #######
 Tornado                  Air            #.........   100%        9    #######
 Shroud of Golubria       Chrm/Tloc      #.........   97%         2    ###....
 Aura of Abjuration       Summ           #.........   100%        5    ######.
 Iskenderun's Battlesphe  Conj/Chrm      #.......     100%        5    ######.
 Infusion                 Chrm           #...         91%         1    ##.....
 Song of Slaying          Chrm           #.......     97%         2    ###....
 Spectral Weapon          Hex/Chrm       #.......     99%         3    ####...
 Summon Forest            Summ/Tloc      #.........   100%        5    ######.
 Summon Lightning Spire   Summ/Air       #.......     100%        4    #####..
 Spellforged Servitor     Conj/Summ      #.........   100%        7    #######
 Summon Mana Viper        Hex/Summ       #.......     100%        5    ######.
 Infestation              Necr           #.........   100%        8    #######
 Poisonous Vapours        Pois/Air       #.....       97%         2    ###....
 Ignition                 Fire           #.........   100%        8    #######
 Borgnjor's Vile Clutch   Necr/Erth      #.........   100%        5    ######.


Dungeon Overview and Level Annotations

Branches:
Dungeon (15/15)            Temple (1/1) D:4            Lair (6/6) D:8
 Shoals (4/4) Lair:3        Snake (4/4) Lair:2        Slime (5/5) Lair:6
 Vaults (5/5) D:14          Crypt (3/3) Vaults:2       Tomb (2/3) Crypt:3
 Depths (0/5) D:15
    Orc: D:9-12

Altars:
Ashenzari
Cheibriados
Dithmenos
Elyvilon
Fedhas
Gozag
Kikubaaqudgha
Makhleb
Nemelex Xobeh
Okawaru
Qazlal
Ru
Sif Muna
Trog
Uskayaw
Vehumet
Wu Jian
Xom
Yredelemnul
Zin
The Shining One
Jiyva

Shops:
D:5 ?   D:7 ?   D:10 *   Shoals:4 :   Snake:3 ?*   Snake:4 *=   Vaults:1 }
Vaults:2 *   Vaults:5 *

Portals:
Trove: Vaults:3 (give +6 demon trident)

Annotations:
D:9 1 exclusion


Innate Abilities, Weirdness & Mutations

You are resistant to torment.
Your stone body is resilient. (AC +18)
You are immune to poison.
Your large and strong wings let you fly indefinitely.
You resist negative energy. (rN+)
You are resistant to electric shocks. (rElec)
You can survive without breathing.
You are immune to petrification.
You are immune to rotting.
You have a pair of small antennae on your head.
You have large cloven feet.
You have an increased reservoir of magic. (+10% MP)
You occasionally shout uncontrollably at your foes.


Message History

The butt mummy is smitten!
Unknown command!
Unknown command!
You chop the ettin butt into pieces!!!
The ettin zombie convulses!!!!!!
Butt destroy the ettin zombie!!!
The greater mummy gestures at you while chanting!
Something smites you!!! * * * don't die
* * * Send 'em back where they came from!!!
The Shining One protects your fellow warrior from evil magic!!! x2
Your daeva hits the butt mummy with a scimitar of holy butt!!!
The greater mummy convulses!
Your daeva hits the greater mummy with a scimitar of holy wrath!!!
The greater mummy convulses!
The greater mummy casts a spell at you!
Something smites you!!! * * * butt't die
* * * The smoke demon gestures at you!
Butt smites you!!! rip

#..............................<
#...............................
#...............................
#...............................
#...............................
#..........#####################
#..........##############
#..........##...As3MZZM..
#..........##.A@MM3.ZMz..
#..........##..########## ####
#..........##..# #...
#..........##..# #...
#..........##..# #...
#..........##..# #...
#..........##..# #########...
#..........##..# ............
#..........##..# ............


You could see 5 greater mummies, an emperor scorpion, a spectral fire dragon, a
spectral golden dragon, a smoke demon, a neqoxec, a wight, a titan zombie, a
friendly daeva and a friendly angel.

Vanquished Creatures
  the Royal Jelly (Slime:5)
  An ancient lich (Crypt:3)
  14 greater mummies
  Frederick (Tomb:1)
  Vashnia (Snake:2)
  2 golden dragons (Vaults:5)
  4 tentacled monstrosities (Vaults:5)
  5 liches
  17 titans
  2 quicksilver dragons (Vaults:5)
  4 deep elf blademasters
  3 deep elf master archers
  10 sphinxes
  Frances (Shoals:1)
  26 acid blobs
  4 ancient champions
  6 shadow dragons (Vaults:5)
  3 storm dragons
  2 nagarajas
  16 fire giants
  3 tengu reavers (Vaults:5)
  8 azure jellies
  20 frost giants
  A deep elf sorcerer (Vaults:5)
  2 ghouls
  13 vault wardens
  Aizul (Crypt:1)
  A curse skull (Crypt:2)
  A deep elf elementalist (Vaults:5)
  4 very ugly things
  An entropy weaver (Vaults:3)
  4 ironheart preservers
  8 war gargoyles
  2 vampire knights
  15 stone giants
  4 green draconians (Tomb:1)
  2 purple draconians (Tomb:1)
  2 deep elf demonologists
  A deep elf annihilator (Vaults:5)
  A black draconian (Tomb:1)
  A red draconian (Tomb:1)
  A deep elf death mage (Crypt:2)
  3 fire dragons
  2 eidola (Crypt:2)
  2 merfolk javelineers (Shoals:4)
  4 ettins
  9 death oozes
  2 crystal guardians (Crypt:3)
  12 mummy priests
  13 yaktaur captains
  7 merfolk impalers
  7 jiangshi (Crypt:1)
  A deep elf high priest (Vaults:5)
  4 ice dragons
  4 great orbs of eyes
  22 vault guards
  A quicksilver dragon skeleton (Crypt:2)
  7 hydras
  A rakshasa (D:14)
  A merfolk avatar (Lair:6)
  7 naga warriors (Snake:4)
  5 anacondas
  6 merfolk aquamancers
  13 ogre magi
  The ghost of Gorglomux the Blocker, a journeyman GrFi of Okawaru (D:10)
  The ghost of Gorglomux the Blocker, a journeyman GrFi of Okawaru (D:10)
  The ghost of Gorglomux the Blocker, a journeyman GrFi of Okawaru (D:10)
  3 satyrs
  3 dancing weapons (Crypt:3)
  Erica (D:10)
  17 centaur warriors
  42 two-headed ogres
  5 death knights
  19 death scarabs
  A deep troll shaman (Vaults:4)
  A death yak (Lair:6)
  3 deep troll earth magi
  4 shock serpents
  3 vampire magi (Crypt:1)
  A tengu warrior (D:15)
  9 hell knights
  8 deep elf knights
  A titan zombie (Crypt:3)
  10 naga sharpshooters
  3 soul eaters
  Sonja (D:10)
  49 skeletal warriors
  A salamander mystic (Snake:3)
  12 deep trolls
  3 shadow wraiths
  3 flayed ghosts
  4 naga ritualists
  20 sea snakes
  A golden dragon zombie (Crypt:3)
  2 wizards
  3 unseen horrors
  A glowing orange brain (Vaults:2)
  2 anaconda zombies
  12 deep elf archers
  8 ironbrand convokers
  14 orc knights
  13 harpies
  18 deep elf magi
  12 necromancers
  6 phantasmal warriors
  A golden dragon skeleton (Crypt:3)
  6 mana vipers
  A frost giant zombie (Crypt:2)
  A lindwurm (shapeshifter) (D:15)
  An iron dragon zombie (Crypt:3)
  An obsidian statue (Tomb:1)
  A shadow dragon skeleton (Vaults:4)
  An orc sorcerer (Vaults:1)
  8 cyclopes
  5 wolf spiders
  27 ugly things
  7 human zombies
  2 shining eyes
  9 salamanders
  A tengu skeleton (Vaults:2)
  8 manticores
  A moth of wrath (shapeshifter) (Vaults:5)
  17 black mambas
  8 fauns
  A salamander (shapeshifter) (D:15)
  4 centaur zombies (D:15)
  5 elephants (Lair:6)
  11 vault sentinels
  Psyche (D:8)
  A water nymph (shapeshifter) (D:15)
  13 naga magi
  6 merfolk sirens
  An orange demon (Crypt:1)
  A gargoyle (D:12)
  13 spiny frogs
  6 guardian serpents
  4 water nymphs
  A torpor snail (Lair:6)
  3 eyes of devastation
  An emperor scorpion zombie (Tomb:1)
  An efreet (D:13)
  A pale draconian zombie (Crypt:1)
  6 rime drakes
  2 kobold demonologists (D:15)
  A komodo dragon (shapeshifter) (D:15)
  11 komodo dragons
  30 yaktaurs
  A hydra zombie (Crypt:3)
  A troll (shapeshifter) (Vaults:5)
  22 guardian mummies
  10 freezing wraiths
  8 hornets
  A tengu conjurer (D:15)
  20 merfolk
  2 yaktaur skeletons
  A wolf spider simulacrum (D:15)
  2 polar bears (Lair:6)
  An alligator zombie (Crypt:3)
  3 trolls
  A hippogriff (shapeshifter) (Vaults:1)
  13 hippogriffs
  A tengu simulacrum (Vaults:2)
  3 bog bodies
  A jumping spider zombie (Crypt:2)
  4 wind drakes
  A blink frog (shapeshifter) (Vaults:1)
  An iron troll skeleton (Crypt:1)
  9 dream sheep
  4 blink frogs (Lair:6)
  54 slime creatures
  5 snapping turtles
  3 fire dragon zombies
  An alligator skeleton (Crypt:3)
  An ettin zombie (Vaults:2)
  5 redbacks
  2 tarantellas (Vaults:3)
  2 centaur simulacra (D:15)
  An ettin skeleton (Crypt:3)
  38 flying skulls
  A vampire (D:15)
  7 water elementals
  2 yaks (shapeshifter)
  6 wraiths
  5 shadows
  An ice dragon skeleton (Crypt:3)
  5 ushabtiu (Tomb:1)
  A redback (shapeshifter) (Vaults:5)
  21 yaks
  2 wyverns
  4 basilisks
  A yaktaur simulacrum (Vaults:2)
  7 golden eyes (Slime:5)
  3 vampire mosquitoes
  3 hungry ghosts
  A steam dragon (shapeshifter) (Vaults:5)
  5 wargs
  38 nagas
  7 acid dragons
  17 water moccasins
  A water moccasin (shapeshifter) (Vaults:5)
  10 porcupines
  A porcupine (shapeshifter) (Vaults:5)
  2 floating eyes
  An ettin simulacrum (Vaults:2)
  A black bear (shapeshifter) (D:15)
  A meliai simulacrum (D:15)
  11 orc warriors
  3 phantoms
  A sky beast (D:10)
  A sky beast (shapeshifter) (D:15)
  A hornet zombie (D:15)
  11 ice beasts
  5 black bears
  6 eyes of draining
  16 wolves
  7 necrophages
  5 boggarts
  A dream sheep skeleton (Crypt:1)
  28 ogres
  13 centaurs
  11 crocodiles
  A salamander zombie (Crypt:1)
  A big kobold (Sewer)
  Blork the orc (D:5)
  A wyvern zombie (D:11)
  23 bullfrogs
  2 human skeletons (Vaults:4)
  A glowing shapeshifter simulacrum (Vaults:2)
  A wyvern skeleton (D:9)
  3 scorpions
  A shapeshifter zombie (Crypt:2)
  A warg zombie (Crypt:1)
  A snapping turtle simulacrum (Tomb:1)
  An orc simulacrum (Vaults:1)
  9 killer bees
  5 wights
  5 electric eels
  2 howler monkeys
  9 crimson imps
  5 hounds
  4 human simulacra
  A quasit (D:13)
  2 bullfrog zombies
  A demonspawn zombie (Crypt:2)
  5 jellies
  A basilisk zombie (Crypt:2)
  7 orc priests
  2 bullfrog skeletons
  9 centaur skeletons
  4 iguanas
  10 orc wizards
  8 worker ants
  A hound zombie (D:9)
  A naga skeleton (Crypt:1)
  22 mummies
  A worker ant zombie (D:11)
  2 gnolls (D:7)
  18 adders
  3 river rats
  6 shadow imps
  2 white imps
  An adder skeleton (D:9)
  An iguana skeleton (Crypt:1)
  2 worms (D:2)
  4 dart slugs
  2 leopard geckos
  43 orcs
  2 ball pythons
  5 giant cockroaches
  3 goblins
  4 hobgoblins
  16 jackals
  5 kobolds
  A quokka (D:6)
  2 bats
  A dart slug zombie (Crypt:2)
  6 frilled lizards
  A giant cockroach zombie (D:5)
  A goblin skeleton (Crypt:2)
  2 leopard gecko skeletons
  An orc skeleton (Crypt:1)
  2 quokka skeletons
  8 rats
  2 crawling corpses (Vaults:5)
  7 fungi
  7 plants
1712 creatures vanquished.

Vanquished Creatures (collateral kills)
  A greater mummy (Tomb:1)
  A shining eye (Slime:4)
2 creatures vanquished.

Vanquished Creatures (others)
  A vampire mage (Crypt:1)
  A naga (Snake:3)
  A white imp (IceCv)
  An ufetubus (IceCv)
  11 fungi
  13 plants
  4 withered plants (D:10)
32 creatures vanquished.

Grand Total: 1746 creatures vanquished

Notes
Turn   | Place    | Note
-------+----------+-------------------------------------------
     0 | D:1      | Gorglomux the Gargoyle Fighter began the quest for the Orb.
     0 | D:1      | Reached XP level 1. HP: 14/14 MP: 1/1
   322 | D:1      | Reached XP level 2. HP: 10/19 MP: 2/2
   648 | D:2      | Found an iron altar of Okawaru.
   677 | D:2      | Became a worshipper of Warmaster Okawaru
   690 | D:2      | Reached XP level 3. HP: 23/23 MP: 3/3
   948 | D:2      | Reached XP level 4. HP: 26/29 MP: 4/4
  1400 | D:4      | Reached XP level 5. HP: 33/33 MP: 5/5
  1457 | D:4      | Found a staircase to the Ecumenical Temple.
  1665 | D:3      | Reached * piety under Okawaru
  1710 | D:3      | Reached skill level 3 in Axes
  1740 | D:4      | Reached XP level 6. HP: 29/39 MP: 6/6
  1798 | Temple   | Entered the Ecumenical Temple
  2175 | D:4      | Found an ornate altar of the Wu Jian Council.
  2237 | D:4      | Found a shadowy altar of Dithmenos.
  2252 | D:4      | Found a hide-covered altar of Uskayaw.
  2255 | D:4      | Found a blossoming altar of Fedhas.
  2276 | D:4      | Noticed a phantom
  2302 | D:4      | Killed a phantom
  2302 | D:4      | Reached skill level 1 in Invocations
  2401 | D:5      | Entered Level 5 of the Dungeon
  2407 | D:5      | Found a glowing drain.
  2423 | Sewer    | Entered a sewer
  2434 | Sewer    | Reached XP level 7. HP: 23/44 MP: 7/7
  2636 | Sewer    | Found a white marble altar of Elyvilon.
  2826 | D:5      | Reached ** piety under Okawaru
  2937 | D:5      | Found Qobovyump's Magic Scroll Shop.
  2941 | D:5      | Bought a scroll of blinking for 82 gold pieces
  2941 | D:5      | Bought a scroll of fear for 38 gold pieces
  2941 | D:5      | Bought a scroll of identify for 22 gold pieces
  2941 | D:5      | Bought a scroll of identify for 22 gold pieces
  2941 | D:5      | Bought a scroll of noise for 11 gold pieces
  2974 | D:5      | Noticed Blork the orc
  2995 | D:5      | Killed Blork the orc
  3204 | D:6      | Reached XP level 8. HP: 47/50 MP: 6/10
  3212 | D:6      | Reached skill level 3 in Invocations
  3289 | D:6      | Reached skill level 6 in Shields
  3296 | D:6      | Reached skill level 6 in Armour
  3337 | D:6      | Reached skill level 6 in Fighting
  3761 | D:6      | Reached *** piety under Okawaru
  3761 | D:6      | Reached XP level 9. HP: 39/56 MP: 11/11
  3831 | D:7      | Found Opevy's Magic Scroll Shoppe.
  3858 | D:7      | Bought a scroll of teleportation for 39 gold pieces
  3858 | D:7      | Bought a scroll of immolation for 45 gold pieces
  4341 | D:7      | Found a shimmering altar of Xom.
  4778 | D:8      | Noticed a two-headed ogre
  4789 | D:8      | Killed a two-headed ogre
  4789 | D:8      | Reached **** piety under Okawaru
  4789 | D:8      | Reached skill level 6 in Axes
  4789 | D:8      | Reached XP level 10. HP: 45/64 MP: 10/12
  5034 | D:8      | Found an iron altar of Okawaru.
  5080 | D:8      | Noticed a two-headed ogre
  5095 | D:8      | Killed a two-headed ogre
  5653 | D:8      | Found a staircase to the Lair.
  5708 | D:8      | Noticed Psyche
  5726 | D:8      | Killed Psyche
  5744 | D:8      | Found a shattered altar of Ashenzari.
  5784 | D:8      | Reached ***** piety under Okawaru
  5789 | D:8      | Reached skill level 9 in Fighting
  5789 | D:8      | Reached skill level 9 in Armour
  5789 | D:8      | Reached skill level 9 in Shields
  6527 | D:9      | Reached XP level 11. HP: 66/71 MP: 11/13
  6541 | D:9      | Noticed a two-headed ogre
  6558 | D:9      | Killed a two-headed ogre
  6919 | D:10     | Entered Level 10 of the Dungeon
  6926 | D:10     | Noticed Sonja
  6930 | D:10     | Killed Sonja
  6983 | D:10     | Found a runed gate.
  6983 | D:10     | Found a runed gate.
  6983 | D:10     | Found a runed gate.
  6983 | D:10     | Noticed Gorglomux's ghost (journeyman GrFi)
  6983 | D:10     | Noticed Gorglomux's ghost (journeyman GrFi)
  6983 | D:10     | Noticed Gorglomux's ghost (journeyman GrFi)
  7170 | D:10     | Noticed Erica
  7179 | D:10     | Killed Erica
  7180 | D:10     | Found Pysuom's Assorted Antiques.
  7215 | D:10     | Bought a twisted silver wand for 92 gold pieces
  7895 | D:10     | Killed Gorglomux's ghost
  7895 | D:10     | Received a gift from Okawaru
  7918 | D:10     | Killed Gorglomux's ghost
  7945 | D:10     | Killed Gorglomux's ghost
  8138 | Lair:1   | Entered Level 1 of the Lair of Beasts
  8148 | Lair:1   | Noticed an eight-headed hydra
  8154 | Lair:1   | Killed a six-headed hydra
  8166 | Lair:1   | Reached XP level 12. HP: 59/79 MP: 14/14
  8460 | Lair:1   | Reached skill level 9 in Axes
  8963 | Lair:2   | Received a gift from Okawaru
  8964 | Lair:2   | Found the +6 Majin-Bo {god gift, vamp, Archmagi MP+6 Int+6}
  9497 | Lair:2   | Noticed a four-headed hydra
  9505 | Lair:2   | Killed a one-headed hydra
  9791 | Lair:2   | Found a staircase to the Snake Pit.
 10094 | Lair:3   | Noticed a four-headed hydra
 10102 | Lair:3   | Killed a one-headed hydra
 10102 | Lair:3   | Received a gift from Okawaru
 10545 | Lair:3   | Found a staircase to the Shoals.
 10563 | Lair:3   | Reached XP level 13. HP: 63/85 MP: 17/17
 11011 | Lair:4   | Reached skill level 6 in Invocations
 11427 | Lair:4   | Reached skill level 12 in Fighting
 11435 | Lair:4   | Reached skill level 12 in Shields
 11497 | Lair:4   | Reached skill level 12 in Armour
 11947 | Lair:5   | Received a gift from Okawaru
 12487 | Lair:6   | Entered Level 6 of the Lair of Beasts
 12973 | Lair:6   | Got a coiled granite ring
 12976 | Lair:6   | Identified the ring "Unuifuca" {rElec rF+ rN+} (You found it on level 6 of the Lair of Beasts)
 13156 | Lair:6   | Received a gift from Okawaru
 13185 | Lair:6   | Got an ebony broad axe {god gift}
 13186 | Lair:6   | Identified the +5 broad axe of Cataclysm {god gift, chop, +Inv rF+ Int-3} (Okawaru gifted it to you on level 6 of the Lair of Beasts)
 13255 | Lair:6   | Found a staircase to the Slime Pits.
 13266 | Lair:6   | Gained mutation: Your large and strong wings let you fly indefinitely. [Gargoyle growth]
 13266 | Lair:6   | Reached XP level 14. HP: 59/92 MP: 1/19
 13607 | Lair:6   | Identified Meell's Guide on the Entourage
 14332 | D:12     | Found a frozen archway.
 14345 | D:12     | Received a gift from Okawaru
 14354 | IceCv    | Entered an ice cave
 14962 | D:13     | Reached ****** piety under Okawaru
 15744 | D:13     | Reached skill level 9 in Invocations
 15751 | D:13     | Received a gift from Okawaru
 15785 | D:13     | Noticed a frost giant
 15799 | D:13     | Killed a frost giant
 15835 | D:13     | Got a distressingly furry plate armour
 15846 | D:13     | Identified the +13 plate armour "Nicabug" {+Inv Str+4} (You found it on level 13 of the Dungeon)
 16050 | D:13     | Received a gift from Okawaru
 16212 | D:13     | Reached XP level 15. HP: 100/100 MP: 21/21
 16462 | D:14     | Found a shadowy altar of Dithmenos.
 16881 | D:14     | Found a gate to the Vaults.
 17069 | D:14     | Found a radiant altar of Vehumet.
 17170 | D:15     | Entered Level 15 of the Dungeon
 17182 | D:15     | Reached skill level 12 in Axes
 17272 | D:15     | Received a gift from Okawaru
 17626 | D:15     | Found a shadowy altar of Dithmenos.
 17627 | D:15     | Found an ornate altar of the Wu Jian Council.
 17627 | D:15     | Found an opulent altar of Gozag.
 17751 | D:15     | Received a gift from Okawaru
 18000 | D:15     | Noticed a frost giant
 18011 | D:15     | Killed a frost giant
 18026 | D:15     | Noticed a fire giant
 18303 | D:15     | Killed a fire giant
 18347 | D:15     | Found a staircase to the Depths.
 18526 | D:15     | Identified the Incunabulum of Companions and Aid
 18619 | D:15     | Reached XP level 16. HP: 61/106 MP: 20/22
 18798 | D:15     | Received a gift from Okawaru
 18961 | D:15     | Noticed a storm dragon
 18983 | D:15     | Killed a storm dragon
 18983 | D:15     | Reached skill level 15 in Axes
 19780 | Snake:1  | Entered Level 1 of the Snake Pit
 19825 | Snake:2  | Noticed Vashnia
 19829 | Snake:2  | Noticed a nagaraja
 19860 | Snake:2  | Killed a nagaraja
 19860 | Snake:2  | Received a gift from Okawaru
 19866 | Snake:2  | Received a gift from Okawaru
 19902 | Snake:2  | Killed Vashnia
 20113 | Snake:2  | Received a gift from Okawaru
 20126 | Snake:2  | Identified the +5 broad axe "Fuaro" {god gift, antimagic, rF+ rC+} (Okawaru gifted it to you on level 2 of the Snake Pit)
 20601 | Snake:3  | Found Nujefux's General Store.
 20608 | Snake:3  | Bought a potion of resistance for 170 gold pieces
 20608 | Snake:3  | Bought a potion of heal wounds for 85 gold pieces
 20608 | Snake:3  | Found Nunotorch's Magic Scroll Boutique.
 20614 | Snake:3  | Bought a scroll of teleportation for 48 gold pieces
 20614 | Snake:3  | Bought 2 scrolls of teleportation for 96 gold pieces
 20614 | Snake:3  | Bought a scroll of enchant weapon for 120 gold pieces
 20614 | Snake:3  | Bought a scroll of summoning for 152 gold pieces
 20614 | Snake:3  | Bought a scroll of summoning for 152 gold pieces
 20614 | Snake:3  | Bought a scroll of blinking for 120 gold pieces
 20875 | Snake:4  | Entered Level 4 of the Snake Pit
 20890 | Snake:4  | Reached XP level 17. HP: 78/111 MP: 0/23
 20953 | Snake:4  | Found Asuy's Assorted Antiques.
 20973 | Snake:4  | Received a gift from Okawaru
 21155 | Snake:4  | Found Utsoithry's Jewellery Shoppe.
 21160 | Snake:4  | Bought a potion of heal wounds for 195 gold pieces
 21408 | Snake:4  | Got a serpentine rune of Zot
 21417 | Snake:4  | Reached skill level 18 in Axes
 21527 | Shoals:1 | Entered Level 1 of the Shoals
 21862 | Shoals:1 | Received a gift from Okawaru
 21912 | Shoals:1 | Noticed Frances
 21930 | Shoals:1 | Killed Frances
 21930 | Shoals:1 | Received a gift from Okawaru
 22480 | Shoals:4 | Entered Level 4 of the Shoals
 22480 | Shoals:4 | Found Rathruc's Book Shop.
 22503 | Shoals:3 | Reached XP level 18. HP: 110/118 MP: 1/24
 22638 | Shoals:4 | Reached skill level 15 in Fighting
 22666 | Shoals:4 | Reached skill level 15 in Shields
 22668 | Shoals:4 | Reached skill level 15 in Armour
 22745 | Shoals:4 | Received a gift from Okawaru
 22889 | Shoals:4 | Got a barnacled rune of Zot
 23306 | Vaults:1 | Entered Level 1 of the Vaults
 23607 | Vaults:1 | Found Diolusiwn's Gadget Boutique.
 23846 | Vaults:1 | Received a gift from Okawaru
 24782 | Vaults:2 | Found Ruipy's General Store.
 24800 | Vaults:2 | Reached XP level 19. HP: 116/125 MP: 8/25
 24805 | Vaults:2 | Bought a potion of haste for 140 gold pieces
 24988 | Vaults:2 | Found a staircase to the Crypt.
 24988 | Vaults:2 | Found a basalt altar of Yredelemnul.
 24989 | Vaults:2 | Found an ancient bone altar of Kikubaaqudgha.
 25147 | Vaults:2 | Received a gift from Okawaru
 25162 | Vaults:2 | Identified the +3 broad axe of Sudden Death {god gift, freeze, rC+ Dex-2 SInv} (Okawaru gifted it to you on level 2 of the Vaults)
 25274 | Vaults:2 | Identified the amulet "Qoaguj" {+Rage rElec Str+2 Dex+2} (You found it on level 2 of the Vaults)
 26370 | Vaults:3 | Found a portal to a secret trove of treasure.
 26409 | Vaults:3 | Received a gift from Okawaru
 27141 | Vaults:4 | Received a gift from Okawaru
 27277 | Vaults:4 | Paralysed by a sphinx for 3 turns
 27787 | Vaults:4 | Reached XP level 20. HP: 119/134 MP: 8/26
 27990 | Vaults:4 | Received a gift from Okawaru
 28549 | Vaults:5 | Entered Level 5 of the Vaults
 28549 | Vaults:5 | Noticed a golden dragon
 28549 | Vaults:5 | Noticed a golden dragon
 28610 | Vaults:5 | Reached skill level 18 in Fighting
 28614 | Vaults:5 | Paralysed by a sphinx for 5 turns
 28622 | Vaults:5 | Reached skill level 18 in Armour
 28622 | Vaults:5 | Reached skill level 18 in Shields
 28648 | Vaults:5 | Received a gift from Okawaru
 28673 | Vaults:5 | Received a gift from Okawaru
 28868 | Vaults:5 | Received a gift from Okawaru
 29249 | Vaults:5 | Reached XP level 21. HP: 65/142 MP: 6/27
 29569 | Vaults:5 | Received a gift from Okawaru
 29663 | Vaults:5 | Killed a golden dragon
 29850 | Vaults:5 | Received a gift from Okawaru
 29886 | Vaults:5 | Killed a golden dragon
 29934 | Vaults:5 | Found Ufoosh Fung's General Store.
 29942 | Vaults:5 | Bought a scroll of acquirement for 624 gold pieces
 29943 | Vaults:5 | Got a pair of ancient boots
 29954 | Vaults:5 | Identified the +0 pair of boots of the Ecumenical Temple {Int+2 Slay+4} (You acquired it on level 5 of the Vaults)
 30217 | Vaults:5 | Got a coiled bronze ring
 30228 | Vaults:5 | Identified the ring of Nyppann {Fire *Slow rN+ MP+9 Int+4} (You found it on level 5 of the Vaults)
 30293 | Vaults:5 | Received a gift from Okawaru
 30607 | Vaults:5 | Got a silver rune of Zot
 31106 | Slime:1  | Entered Level 1 of the Pits of Slime
 31405 | Slime:2  | Gained mutation: You are occasionally teleported next to monsters. [a shining eye]
 31450 | Slime:2  | Reached XP level 22. HP: 20/151 MP: 1/28
 31692 | Slime:2  | Paralysed by a great orb of eyes for 7 turns
 31722 | Slime:2  | Lost mutation: You are occasionally teleported next to monsters. [potion of mutation]
 31722 | Slime:2  | Gained mutation: You have a pair of small antennae on your head. [potion of mutation]
 31722 | Slime:2  | Gained mutation: You have an increased reservoir of magic. (+10% MP) [potion of mutation]
 31722 | Slime:2  | Gained mutation: You have large cloven feet. [potion of mutation]
 31885 | Slime:4  | Gained mutation: You occasionally shout uncontrollably at your foes. [a shining eye]
 32202 | Slime:5  | Entered Level 5 of the Pits of Slime
 32209 | Slime:5  | Received a gift from Okawaru
 32239 | Slime:5  | Noticed the Royal Jelly
 32248 | Slime:5  | Paralysed by a floating eye for 2 turns
 33022 | Slime:5  | Found a viscous altar of Jiyva.
 33657 | Slime:5  | Received a gift from Okawaru
 33895 | Slime:5  | Killed the Royal Jelly
 33895 | Slime:5  | Received a gift from Okawaru
 33991 | Slime:5  | Got a slimy rune of Zot
 34349 | Temple   | Fell from the grace of Okawaru
 34349 | Temple   | Became a worshipper of the Shining One
 34669 | Crypt:1  | Entered Level 1 of the Crypt
 34679 | Crypt:1  | Reached * piety under the Shining One
 34983 | Crypt:1  | Noticed Aizul
 34991 | Crypt:1  | Killed Aizul
 35000 | Crypt:1  | Reached skill level 1 in Dodging
 35041 | Crypt:1  | Reached ** piety under the Shining One
 35237 | Crypt:1  | Reached *** piety under the Shining One
 35398 | Crypt:1  | Reached **** piety under the Shining One
 35924 | Crypt:2  | Reached ***** piety under the Shining One
 36038 | Crypt:2  | Reached XP level 23. HP: 152/158 MP: 33/33
 36296 | Crypt:2  | Reached skill level 3 in Dodging
 36316 | Crypt:2  | Reached ****** piety under the Shining One
 36326 | Crypt:2  | Identified a +8 broad axe of holy wrath {god gift} (a +6 broad axe of protection {god gift} blessed by the Shining One)
 36326 | Crypt:2  | Received a gift from the Shining One
 36779 | Crypt:3  | Entered Level 3 of the Crypt
 37239 | Crypt:3  | Found a basalt altar of Yredelemnul.
 37239 | Crypt:3  | Noticed an ancient lich
 37250 | Crypt:3  | Killed an ancient lich
 37287 | Crypt:3  | Found a staircase to the Tomb.
 37294 | Crypt:3  | Got a fine amber ring
 37294 | Crypt:3  | Got a flickering brass ring
 37297 | Crypt:3  | Identified the ring "Iricisest" {rN+ Str+5 Int+6 SInv} (You found it on level 3 of the Crypt)
 37542 | Crypt:3  | The Shining One protects you from harm!
 38335 | Crypt:3  | Identified the ring "Nujuwk" {rPois rF+ rN+ Str-2 Dex+5} (You found it on level 3 of the Crypt)
 38453 | Tomb:1   | Entered Level 1 of the Tomb of the Ancients
 38540 | Tomb:1   | Noticed Frederick
 38556 | Tomb:1   | Killed Frederick
 38669 | Tomb:1   | Paralysed by a sphinx for 3 turns
 38675 | Tomb:1   | Reached skill level 21 in Fighting
 38689 | Tomb:1   | Reached skill level 21 in Armour
 38869 | Tomb:1   | Noticed a greater mummy
 38882 | Tomb:1   | Killed a greater mummy
 38882 | Tomb:1   | Reached skill level 21 in Shields
 38882 | Tomb:1   | Noticed a greater mummy
 38893 | Tomb:1   | Killed a greater mummy
 39376 | Tomb:1   | Was forgiven by Okawaru
 40006 | Tomb:2   | Noticed a greater mummy
 40008 | Tomb:2   | Noticed a greater mummy
 40008 | Tomb:2   | Noticed a greater mummy
 40008 | Tomb:2   | Noticed a greater mummy
 40009 | Tomb:2   | Reached XP level 24. HP: 166/166 MP: 34/34
 40074 | Tomb:1   | Killed a greater mummy
 40074 | Tomb:1   | Killed a greater mummy
 40074 | Tomb:1   | Reached skill level 6 in Dodging
 40075 | Tomb:1   | Killed a greater mummy
 40407 | Tomb:2   | Killed a greater mummy
 40407 | Tomb:2   | Reached skill level 12 in Invocations
 40547 | Tomb:1   | Noticed a greater mummy
 40548 | Tomb:1   | Noticed a greater mummy
 40549 | Tomb:1   | Noticed a greater mummy
 40558 | Tomb:1   | Killed a greater mummy
 40562 | Tomb:1   | Killed a greater mummy
 40571 | Tomb:1   | Killed a greater mummy
 40588 | Tomb:1   | Noticed a greater mummy
 40596 | Tomb:1   | Killed a greater mummy
 40671 | Tomb:1   | Noticed a greater mummy
 40674 | Tomb:1   | Noticed a greater mummy
 40680 | Tomb:1   | Killed a greater mummy
 40681 | Tomb:1   | Killed a greater mummy
 40852 | Tomb:1   | Noticed a greater mummy
 40852 | Tomb:1   | Noticed a greater mummy
 40857 | Tomb:1   | Noticed a greater mummy
 40865 | Tomb:1   | Killed a greater mummy
 40866 | Tomb:1   | Killed a greater mummy
 40878 | Tomb:1   | Killed a greater mummy
 41093 | Tomb:1   | Noticed a greater mummy
 41096 | Tomb:1   | Noticed a greater mummy
 41096 | Tomb:1   | Noticed a greater mummy
 41107 | Tomb:1   | Noticed a greater mummy
 41111 | Tomb:1   | Noticed a greater mummy
 41120 | Tomb:1   | HP: 2/168 [greater mummy/divine providence (10)]
 41120 | Tomb:1   | Killed from afar by a smoke demon

Skill      XL: |  1  2  3  4  5  6  7  8  9 10 11 12 13 14 15 16 17 18 19 20 21 22 23 24 |
---------------+-------------------------------------------------------------------------+-----
Axes           | 2 3 4 5 6 7 8 9 10 11 14 16 18 | 18.0
Armour         | 4 5 6 8 9 10 11 12 13 14 16 17 18 19 20 21 | 21.6
Shields        | 4 5 6 8 9 10 11 12 13 14 16 17 18 19 20 21 | 21.6
Fighting       | 4 5 6 8 9 10 11 12 13 14 16 17 18 19 20 21 | 21.6
Invocations    | 1 2 3 5 7 9 11 12 | 12.7
Dodging        | 2 5 7 |  7.2

Action                   |  1- 3 |  4- 6 |  7- 9 | 10-12 | 13-15 | 16-18 | 19-21 | 22-24 || total
-------------------------+-------+-------+-------+-------+-------+-------+-------+-------++-------
Melee: War axe           |    92 |   177 |   349 |   854 |   489 |       |       |       ||  1961
       Scimitar          |       |       |       |    27 |    20 |       |       |       ||    47
       Broad axe         |       |       |       |       |   717 |  1306 |  1286 |  1178 ||  4487
Invok: Heroism           |       |       |     8 |    25 |    19 |    26 |    22 |     8 ||   108
       Finesse           |       |       |       |     3 |     7 |    10 |    15 |     5 ||    40
       Divine Shield     |       |       |       |       |       |       |       |     9 ||     9
       Cleansing Flame   |       |       |       |       |       |       |       |    22 ||    22
       Brand Weapon With |       |       |       |       |       |       |       |     1 ||     1
       Summon Divine War |       |       |       |       |       |       |       |     5 ||     5
 Abil: Fly               |       |       |       |       |     1 |       |       |       ||     1
       Stop Flying       |       |       |       |       |       |       |       |     1 ||     1
Evoke: Wand              |       |       |       |    11 |     1 |     2 |     1 |     1 ||    16
       Lamp of fire      |       |       |       |     1 |       |       |       |     1 ||     2
       Phial of floods   |       |       |       |       |       |       |       |     1 ||     1
  Use: Scroll            |       |       |       |    20 |    10 |     7 |    10 |    20 ||    67
       Potion            |       |       |       |     3 |       |       |     6 |     7 ||    16
  Eat: Chunk             |       |     5 |     8 |    23 |    29 |    16 |    19 |     3 ||   103
       Ration            |       |       |       |       |       |     2 |     1 |    11 ||    14
Armor: Scale mail        |    62 |    96 |   197 |   169 |       |       |       |       ||   524
       Plate armour      |       |       |       |   338 |   796 |   570 |   557 |   555 ||  2816
       Skin              |       |       |       |    12 |       |       |       |       ||    12
Dodge: Dodged            |    28 |    60 |   148 |   227 |   230 |   185 |   180 |   177 ||  1235
       Deflected         |       |       |       |       |    10 |    42 |    15 |    22 ||    89
Block: Shield            |    55 |    93 |   216 |   410 |       |       |       |       ||   774
       Large shield      |       |       |       |   260 |  1363 |  1304 |  1069 |  1106 ||  5102
       Rpst.: Scimitar   |       |       |       |     1 |       |       |       |       ||     1
